 Dungeon Crawl Stone Soup version 0.30-a0-354-g6b83867211 (webtiles) character file.

Game seed: 5160173806884308686

311 mopl the Shooter (level 7, -2/57 HPs)
             Began as a Meteoran Hunter on Nov 7, 2022.
             Slain by an ice beast (7 damage)
             ... on level 4 of the Dungeon.
             The game lasted 00:05:34 (1335 turns).

mopl the Shooter (Meteoran Hunter)                  Turns: 1335, Time: 00:05:34

Health: -2/57      AC: 10    Str: 15    XL:     7   Next: 2%
Magic:  8/8        EV: 11    Int: 10    God:
Gold:   101        SH:  0    Dex: 18    Spells: 6/6 levels left

rFire   . . .      SeeInvis .    a - +0 shortbow
rCold   . . .      Faith    .    (shield currently unavailable)
rNeg    . . .      Spirit   .    j - +0 scale mail
rPois   .          Reflect  .    o - +0 helmet
rElec   .          Harm     .    (no cloak)
rCorr   .          Rampage  .    (no gloves)
Will    .....                    c - +1 pair of boots
Stlth   ..........               (no amulet)
HPRegen 0.29/turn                f - ring of flight
MPRegen 0.11/turn                (no ring)

@: flying, glowing
A: sense surroundings 1, otherworldly, glowing, explore regen
a: no special abilities


You were on level 4 of the Dungeon.
You visited 1 branch of the dungeon, and saw 4 of its levels.

You collected 101 gold pieces.

Inventory:

Hand Weapons
 a - a +0 shortbow (weapon)
 b - a +0 quarterstaff
Armour
 c - a +1 pair of boots (worn)
 j - a +0 scale mail (worn)
 o - a +0 helmet (worn)
Jewellery
 f - a ring of flight (left hand)
 h - a ring of wizardry
Wands
 k - a wand of polymorph (2)
Scrolls
 d - 3 scrolls of teleportation {unknown}
 l - a scroll of immolation
 m - a scroll of identify {unknown}
Potions
 e - a potion of haste {unknown}
 g - 2 potions of lignification {!q}
 i - a potion of flight {unknown}
 n - a potion of degeneration {unknown}


   Skills:
 + Level 3.6 Fighting
 * Level 6.1 Ranged Weapons
 + Level 2.8 Armour
 + Level 4.0 Dodging
 - Level 0.6 Stealth
 + Level 1.6 Evocations


You had 6 spell levels left.
You didn't know any spells.
Your spell library was empty.

Dungeon Overview and Level Annotations

Branches:
Dungeon (4/15) Zot: 990
 Temple: D:4-7

Altars:


Innate Abilities, Weirdness & Mutations

You passively map a small area around you.
You are easily found by Zot.
You glow in the dark.
You regain HP and MP as you explore.


Message History

Press: ? - help, Q - select action, (/) - cycle Shift-Dir - straight line, f/p - ice beast
Aim: an ice beast (almost dead, 65% to hit)
You shoot an arrow. The arrow barely misses the ice beast.
The ice beast hits you but does no damage.
The ice beast misses you.
Fire: a) +0 shortbow
Press: ? - help, Q - select action, (/) - cycle Shift-Dir - straight line, f/p - ice beast
Aim: an ice beast (almost dead, 65% to hit)
You shoot an arrow.
The arrow hits the ice beast but does no damage.
The ice beast is almost dead.
The ice beast barely misses you.
Fire: a) +0 shortbow
Press: ? - help, Q - select action, (/) - cycle Shift-Dir - straight line, f/p - ice beast
Aim: an ice beast (almost dead, 65% to hit)
You shoot an arrow.
The arrow hits the ice beast but does no damage.
The ice beast is almost dead.
The ice beast hits you but does no damage.
Fire: a) +0 shortbow
Press: ? - help, Q - select action, (/) - cycle Shift-Dir - straight line, f/p - ice beast
Aim: an ice beast (severely wounded, 65% to hit)
You shoot an arrow. The arrow hits the ice beast.
The ice beast is almost dead.
The ice beast hits you but does no damage. x2
Fire: a) +0 shortbow
Press: ? - help, Q - select action, (/) - cycle Shift-Dir - straight line, f/p - ice beast
Aim: an ice beast (almost dead, 65% to hit)
You shoot an arrow.
The arrow hits the ice beast but does no damage.
The ice beast is almost dead.
The ice beast hits you but does no damage.
Fire: a) +0 shortbow
Press: ? - help, Q - select action, (/) - cycle Shift-Dir - straight line, f/p - ice beast
Aim: an ice beast (almost dead, 65% to hit)
You shoot an arrow. The arrow closely misses the ice beast.
The ice beast hits you.
* * * LOW HITPOINT WARNING * * *
The ice beast freezes you!
You die...

,,
##....####..###
, ,*
##.....##### ,
, ##.....# #**,
, ##....####..*
, #...####....
#.####.... . *
#........# ...
,
##..#.####.....
,
##....@Y).....
#############


You could see an ice beast.

Vanquished Creatures
  Sigmund (D:3)
  A scorpion (D:3)
  Ijyb (D:3)
  3 adders
  An orc (D:4)
  6 endoplasms
  A giant cockroach (D:2)
  7 hobgoblins
  7 quokkas
  4 ball pythons
  3 bats
  4 frilled lizards
  7 kobolds
  2 rats
48 creatures vanquished.

Notes
Turn   | Place    | Note
-------+----------+-------------------------------------------
     0 | D:1      | mopl the Meteoran Hunter began the quest for the Orb.
     0 | D:1      | Reached XP level 1. HP: 17/17 MP: 2/2
   104 | D:1      | Reached XP level 2. HP: 4/24 MP: 3/3
   322 | D:1      | Reached skill level 1 in Armour
   324 | D:1      | Reached XP level 3. HP: 30/30 MP: 4/4
   681 | D:2      | Reached skill level 3 in Dodging
   721 | D:2      | Reached XP level 4. HP: 37/37 MP: 5/5
   727 | D:2      | Reached skill level 5 in Ranged Weapons
   783 | D:3      | Noticed a scorpion
   791 | D:3      | Killed a scorpion
   792 | D:3      | Reached skill level 3 in Fighting
   792 | D:3      | Reached skill level 2 in Armour
   792 | D:3      | Reached XP level 5. HP: 27/45 MP: 6/6
   803 | D:3      | Noticed Ijyb
   851 | D:3      | Killed Ijyb
   966 | D:3      | Noticed Sigmund
   975 | D:3      | Killed Sigmund
   976 | D:3      | Reached skill level 6 in Ranged Weapons
   976 | D:3      | Reached skill level 4 in Dodging
   976 | D:3      | Reached skill level 1 in Evocations
   976 | D:3      | Reached XP level 6. HP: 45/51 MP: 7/7
  1312 | D:4      | Reached XP level 7. HP: 57/57 MP: 8/8
  1335 | D:4      | Slain by an ice beast

Illustrated notes

Levels and vault maps discovered:
D:1:      nicolae_arrival_somewhat_less_tricky_arrival, layout_loops_cross,
          serial_bayou_lake_a
D:2:      layout_rooms, serial_rivers, chequers_serial_rivers_marsh,
          chequers_serial_rivers_large_a, chequers_serial_rivers_marsh,
          chequers_serial_rivers_small_3
D:3:      layout_loops_ring, uniq_sigmund, uniq_ijyb
D:4:      layout_gridville, minmay_overflow_temple_star_quad,
          minmay_temple_entry_trees, serial_shops,
          nicolae_shop_temple_entry_statues_fountains, minivault_14,
          minmay_statues_item, minmay_misc_feat_x, nicolae_shop_fire_sale
          [nicolae_sub_dead_trees], chequers_hall_statues_y

Skill      XL: |  1  2  3  4  5 |
---------------+----------------+-----
Armour         | 1 2 |  2.8
Dodging        | 3 4 |  4.0
Ranged Weapons | 5 6 |  6.1
Fighting       | 3 |  3.6
Evocations     | 1 |  1.6
Stealth        | |  0.6

Action                   |  1- 3 |  4- 6 |  7- 9 || total
-------------------------+-------+-------+-------++-------
Melee: Unarmed           |       |     7 |       ||     7
 Fire: Shortbow          |    75 |    74 |    18 ||   167
  Use: Potion            |       |     1 |       ||     1
Armor: Leather armour    |    14 |       |       ||    14
       Scale mail        |     3 |    38 |    10 ||    51
       Skin              |       |    11 |       ||    11
Dodge: Dodged            |    27 |    22 |     8 ||    57

Table legend: (Time is in decaauts)
 A = Elapsed time spent in this place.
 B = Non-inter-level travel time spent in this place.
 C = Inter-level travel time spent in this place.
 D = Time resting spent in this place.
 E = Time spent auto-exploring this place.
 F = Levels seen in this place.
 G = Mean time per level.
                   A        B        C        D        E       F      G
               +--------+--------+--------+--------+--------+-----+--------+
         Total |   1408 |   1320 |     88 |      3 |     64 |   4 |  352.0 |
       Dungeon |   1408 |   1320 |     88 |      3 |     64 |   4 |  352.0 |
               +--------+--------+--------+--------+--------+-----+--------+

Top non-repeatable levels by time:
     D:3: 520 daAuts
     D:1: 470 daAuts
     D:2: 346 daAuts
     D:4: 70 daAuts
